Map: Apotheosis LE

Players

Cyan

  • Race: Protoss Protoss

Kelazhur - Winner!

  • Race: Terran Terran

Event: WCS Copa Intercontinental

VOD

Have the link to the VOD?

Description

Time

  • Played on: Sept. 10, 2016, 1:30 p.m.
  • Length: 11:42

All games in this series

Show
View Real Time Build Order
Export as new Build Order

Cyan Protoss 

Build Orders: Oracle Opening 

Get SALT Encoding   

  12  0:01  Probe (Chrono Boost)  
  13  0:11  Probe (Chrono Boost)  
  14  0:18  Pylon  
  14  0:22  Probe (Chrono Boost)  
  15  0:36  Probe (Chrono Boost), Gateway  
  16  0:44  Assimilator  
  16  0:47  Probe (Chrono Boost)  
  17  0:52  Assimilator  
  17  0:57  Probe (Chrono Boost)  
  18  1:08  Probe (Chrono Boost)  
  20  1:18  Probe (Chrono Boost)  
  20  1:23  Cybernetics Core  
  20  1:29  Probe (Chrono Boost)  
  21  1:33  Pylon  
  21  1:36  Pylon  
  21  1:39  Probe (Chrono Boost)  
  22  1:50  Probe (Chrono Boost)  
  23  1:56  Adept  
  23  2:00  Stargate  
  25  2:04  Warp Gate  
  26  2:09  Probe (Chrono Boost)  
  25  2:21  Mothership Core (Chrono Boost)  
  25  2:39  Probe (Chrono Boost)  
  25  2:43  Oracle  
  30  2:52  Probe (Chrono Boost)  
  30  2:53  Pylon  
  30  3:04  Probe (Chrono Boost)  
  31  3:16  Oracle, Probe (Chrono Boost)  
  36  3:28  Probe (Chrono Boost)  
  36  3:33  Nexus  
  35  3:40  Probe (Chrono Boost)  
  34  3:56  Probe (Chrono Boost), Oracle  
  37  4:08  Probe (Chrono Boost)  
  38  4:15  Twilight Council  
  38  4:21  Probe (Chrono Boost)  
  39  4:29  Pylon  
  39  4:32  Probe (Chrono Boost)  
  40  4:40  Gateway  
  40  4:43  Probe (Chrono Boost)  
  41  4:49  Blink  
  41  4:54  Probe (Chrono Boost), Gateway  
  42  5:07  Probe x2 (Chrono Boost)  
  44  5:15  Pylon  
  44  5:17  Phoenix  
  44  5:19  Probe (Chrono Boost)  
  45  5:27  Probe (Chrono Boost)  
  45  5:28  Stalker  
  48  5:33  Pylon  
  48  5:40  Probe (Chrono Boost)  
  46  5:47  Probe (Chrono Boost)  
  46  5:54  Probe (Chrono Boost)  
  47  5:59  Probe (Chrono Boost)  
  45  6:05  Probe (Chrono Boost)  
  45  6:09  Probe (Chrono Boost)  
  43  6:15  Probe (Chrono Boost)  
  42  6:20  Probe (Chrono Boost)  
  42  6:23  Stalker  
  42  6:27  Probe (Chrono Boost)  
  42  6:30  Probe (Chrono Boost)  
  42  6:38  Stalker  
  42  6:39  Probe (Chrono Boost)  
  45  6:41  Probe (Chrono Boost)  
  45  6:46  Stalker  
  48  6:50  Probe (Chrono Boost)  
  48  6:51  Probe (Chrono Boost)  
  50  6:56  Stalker  
  50  7:00  Probe (Chrono Boost)  
  53  7:02  Probe (Chrono Boost)  
  53  7:03  Stalker  
  55  7:11  Probe (Chrono Boost)  
  55  7:13  Probe (Chrono Boost)  
  54  7:18  Robotics Facility  
  54  7:21  Probe (Chrono Boost)  
  55  7:23  Probe (Chrono Boost)  
  55  7:26  Stalker  
  55  7:28  Stalker  
  60  7:33  Stalker  
  60  7:35  Probe (Chrono Boost)  
  63  7:38  Probe (Chrono Boost)  
  64  7:46  Probe (Chrono Boost)  
  64  7:48  Probe (Chrono Boost)  
  66  7:56  Probe (Chrono Boost)  
  67  7:59  Probe (Chrono Boost)  
  68  8:06  Resonating Glaives  
  68  8:07  Probe (Chrono Boost)  
  68  8:10  Probe (Chrono Boost)  
  66  8:14  Observer  
  66  8:15  Stalker x3  
  66  8:19  Probe (Chrono Boost)  
  72  8:22  Probe (Chrono Boost), Forge  
  73  8:31  Probe (Chrono Boost)  
  74  8:37  Nexus  
  74  8:40  Pylon  
  74  8:41  Pylon  
  74  8:44  Assimilator  
  74  8:45  Immortal  
  74  8:50  Assimilator  
  78  8:59  Stalker  
  78  9:00  Stalker x2  
  78  9:02  Probe (Chrono Boost)  
  85  9:03  Protoss Ground Weapons Level 1  
  85  9:04  Probe (Chrono Boost)  
  86  9:14  Probe (Chrono Boost)  
  86  9:16  Probe (Chrono Boost)  
  88  9:26  Probe (Chrono Boost)  
  88  9:28  Probe (Chrono Boost), Gateway  
  88  9:30  Gateway  
  90  9:35  Gateway  
  90  9:37  Stalker x2  
  94  9:39  Stalker  
  96  9:47  Immortal  
  97  10:01  Stalker x2  
  97  10:02  Stalker  
  97  10:06  Probe (Chrono Boost)  
  102  10:22  Immortal  
  102  10:26  Adept x2  
  102  10:27  Adept  
  112  10:32  Adept x2  
  112  10:33  Adept  
  108  10:54  Pylon  
  108  10:55  Pylon  
  108  10:57  Pylon  
  106  10:58  Pylon  
  106  11:00  Adept  
  106  11:07  Adept x2  
  97  11:12  Adept x3  
  105  11:22  Gateway  
  93  11:29  Adept x3  
Show
View Real Time Build Order
Export as new Build Order

Kelazhur Terran - Winner!

Build Orders: Cyclone Opening, MMM Bio 

Get SALT Encoding   

  12  0:00  SCV  
  13  0:12  SCV  
  14  0:18  Supply Depot  
  14  0:25  SCV  
  15  0:39  SCV  
  15  0:41  Barracks  
  16  0:46  Refinery  
  16  0:51  SCV  
  16  0:56  Refinery  
  17  1:03  SCV  
  18  1:16  SCV  
  19  1:28  Orbital Command, Reaper  
  20  1:37  Supply Depot  
  20  1:44  Factory  
  20  1:55  SCV  
  20  2:00  Reaper  
  22  2:09  SCV  
  23  2:23  SCV  
  23  2:28  Factory Tech Lab  
  24  2:31  Engineering Bay  
  24  2:33  Starport  
  24  2:35  SCV  
  25  2:42  Supply Depot  
  25  2:48  SCV, Cyclone  
  30  2:57  Missile Turret  
  30  3:01  SCV  
  30  3:09  Starport  
  30  3:13  SCV  
  31  3:20  Mag-Field Accelerator, Cyclone  
  31  3:25  SCV  
  35  3:37  SCV  
  35  3:48  Starport Tech Lab  
  34  3:49  SCV  
  34  3:54  Command Center  
  35  4:01  SCV  
  36  4:08  Bunker  
  36  4:12  Cloaking Field  
  36  4:13  Banshee  
  39  4:19  SCV  
  40  4:26  Marine  
  40  4:27  Cyclone  
  40  4:31  SCV  
  46  4:37  Supply Depot  
  46  4:44  Marine  
  47  4:58  SCV, Banshee  
  51  5:05  Cyclone  
  56  5:11  Orbital Command  
  55  5:14  Barracks Reactor  
  55  5:28  Barracks  
  55  5:29  Barracks  
  51  5:44  SCV, Orbital Command  
  51  5:46  Banshee  
  55  5:52  Marine x2  
  55  5:56  SCV  
  58  6:08  SCV, Cyclone  
  58  6:10  SCV, Marine  
  62  6:20  SCV  
  62  6:22  SCV  
  64  6:26  Marine  
  64  6:28  Marine  
  64  6:32  SCV  
  64  6:35  SCV  
  64  6:39  Missile Turret  
  65  6:40  Starport Reactor  
  65  6:43  Missile Turret  
  65  6:44  SCV  
  66  6:47  SCV, Marine x2  
  66  6:49  Supply Depot  
  69  6:56  SCV  
  69  6:57  Stimpack  
  70  7:02  Terran Infantry Weapons Level 1, Supply Depot  
  70  7:04  Supply Depot, Refinery  
  70  7:06  Refinery  
  70  7:10  SCV x2, Siege Tank, Supply Depot, Marine  
  76  7:16  Marine x2  
  76  7:18  Medivac  
  76  7:22  SCV  
  78  7:24  SCV  
  78  7:25  Supply Depot  
  78  7:28  Supply Depot  
  78  7:29  Marine x2  
  81  7:34  SCV  
  81  7:35  Marine x2  
  84  7:40  SCV  
  84  7:42  Siege Tank  
  88  7:48  SCV, Supply Depot  
  88  7:49  Marine x2  
  91  7:51  Medivac, Supply Depot  
  91  7:56  SCV, Marine x2  
  96  8:07  Marine x2  
  96  8:11  SCV  
  94  8:14  Marine x2  
  94  8:18  Missile Turret  
  94  8:19  Siege Tank  
  99  8:22  Supply Depot  
  99  8:28  Marine, Marauder  
  103  8:34  SCV  
  103  8:38  Marine x2  
  103  8:40  Supply Depot  
  105  8:45  Medivac x2  
  105  8:48  Barracks Reactor  
  109  8:49  Marine  
  109  8:55  Supply Depot, Marine  
  109  8:56  Terran Infantry Armor Level 1  
  109  9:00  Combat Shields  
  109  9:02  Marine  
  110  9:07  Marauder  
  113  9:19  Command Center  
  113  9:21  Siege Tank  
  113  9:22  Armory  
  113  9:23  Marine  
  117  9:28  Marine x4  
  121  9:36  Medivac x2  
  125  9:51  Marine x4, Marauder  
  131  9:55  Armory  
  126  10:10  Medivac x2  
  126  10:11  Marine x4  
  129  10:30  Marine x3, Marauder  
  134  10:42  Marine  
  135  10:47  Marine x2  
  137  10:51  Marine, Marauder  
  137  10:55  Medivac, Barracks  
  137  10:56  Barracks  
  142  10:59  Marine  
  142  11:00  Medivac  
  141  11:10  Marine  
  137  11:13  Marauder  
Tags
 
Add a new tag
Caveats
  • Supply blocks, unpowered buildings, or Contaminate may cause inaccurate times.
  • Supply counts are checked every 10 seconds.